 Dungeon Crawl Stone Soup version 0.23-a0-296-ga3b1b28 (webtiles) character file.

7 Amnesiac the Magician (level 1, -2/13 HPs)
             Began as a Mummy Wizard on Oct 5, 2018.
             Slain by a leopard gecko (5 damage)
             ... on level 1 of the Dungeon.
             The game lasted 00:01:06 (174 turns).

Amnesiac the Magician (Mummy Wizard)                 Turns: 174, Time: 00:01:07

Health: -2/13      AC:  4    Str: 10    XL:     1   Next: 83%
Magic:  1/5        EV: 12    Int: 17    God:
Gold:   8          SH:  0    Dex: 10    Spells: 7/8 levels left

rFire    x . .     SeeInvis .   b - +0 dagger
rCold    + . .     Gourm    .   (no shield)
rNeg     + + +     Faith    .   a - +0 robe
rPois    ∞         Spirit   .   c - +2 hat
rElec    .         Reflect  .   (no cloak)
rCorr    .         Harm     .   (no gloves)
MR       .....                  (no boots)
Stlth    ++........             (no amulet)
HPRegen  0.04/turn              (no ring)
MPRegen  0.09/turn              (no ring)

@: no status effects
A: no food or potions, fire vulnerability, cold resistance 1, negative energy
resistance 3, torment resistance, unbreathing
a: no special abilities


You were on level 1 of the Dungeon.
You were not hungry.

You visited 1 branch of the dungeon, and saw 1 of its levels.

You collected 8 gold pieces.

Inventory:

Hand Weapons
 b - a +0 dagger (weapon)
Armour
 a - a +0 robe (worn)
 c - a +2 hat (worn)


   Skills:
 - Level 1.5 Dodging
 - Level 1.5 Stealth
 - Level 4.0 Spellcasting
 + Level 1.5 Conjurations
   Level 0.7 Summonings
   Level 0.7 Translocations


You had 7 spell levels left.
You knew the following spells:

 Your Spells              Type           Power        Failure   Level  Hunger
a - Magic Dart            Conj           #...         9%          1    N/A

Your spell library contained the following spells:

 Spells                   Type           Power        Failure   Level  Hunger
 Blink                    Tloc           N/A          19%         2    N/A
 Call Imp                 Summ           #.......     19%         2    N/A
 Slow                     Hex            #.......     24%         2    N/A
 Conjure Flame            Conj/Fire      #.......     34%         3    N/A
 Mephitic Cloud           Conj/Pois/Air  #.......     36%         3    N/A

Dungeon Overview and Level Annotations

Branches:
Dungeon (1/15)

Altars:


Innate Abilities, Weirdness & Mutations

You do not eat or drink.
Your flesh is vulnerable to fire.
You are immune to poison.
Your flesh is cold resistant. (rC+)
You are immune to negative energy. (rN+++)
You are immune to unholy pain and torment.
You can survive without breathing.


Message History

The dart slug is moderately wounded.
The jackal barks!
A jackal comes into view.
Casting: Magic Dart (safe; 10% risk of failure)
Confirm with . or Enter, or press ? or * to list all spells.
Aiming: Magic Dart (safe; 10% risk of failure)
Press: ? - help, Shift-Dir - straight line, f/p - dart slug
Aim: a dart slug (moderately wounded, clinging)
The magic dart hits the dart slug.
The dart slug is severely wounded.
The jackal barks!
You hear a bark!
A jackal comes into view.
A kobold comes into view.
The dart slug closely misses you.
You hear a bark!
Casting: Magic Dart (safe; 10% risk of failure)
Confirm with . or Enter, or press ? or * to list all spells.
You don't have enough magic to cast that spell.
Casting: Magic Dart (safe; 10% risk of failure)
Confirm with . or Enter, or press ? or * to list all spells.
You don't have enough magic to cast that spell.
Casting: Magic Dart (safe; 10% risk of failure)
Confirm with . or Enter, or press ? or * to list all spells.
You don't have enough magic to cast that spell.
Casting: Magic Dart (safe; 10% risk of failure)
Confirm with . or Enter, or press ? or * to list all spells.
You don't have enough magic to cast that spell.
The kobold shouts!
You hit the dart slug.
You kill the dart slug!
A dart slug comes into view.
A kobold comes into view. It is wielding a club.
The kobold shouts!
You hear an angry hiss. x2
The kobold misses you.
The kobold throws a stone.
The stone hits you but does no damage. The jackal misses you.
You see here a stone.
A leopard gecko, a goblin and a hobgoblin come into view.
The leopard gecko hisses angrily.
The goblin shouts!
A leopard gecko comes into view.
The kobold throws a stone.
The stone closely misses you.
The leopard gecko hisses menacingly.
The jackal misses you.
A frilled lizard comes into view.
The frilled lizard hisses angrily.
You aren't carrying any scrolls.
You aren't carrying any scrolls.
Quiver which item? (- for none, * to show all) (? for menu, Esc to quit)
Okay, then.
You barely miss the goblin. The kobold misses you.
The leopard gecko bites you but does no damage.
The goblin closely misses you.
You closely miss the goblin. The leopard gecko barely misses you.
The kobold misses you. The goblin barely misses you.
You closely miss the goblin. The leopard gecko barely misses you.
The kobold barely misses you.
A kobold comes into view. It is wielding a short sword.
The goblin hits you but does no damage. The leopard gecko bites you.
You hit the kobold but do no damage. The kobold closely misses you.
The leopard gecko bites you.
* * * LOW HITPOINT WARNING * * *
The goblin hits you with a club.
* * * LOW HITPOINT WARNING * * *
You closely miss the leopard gecko. The kobold barely misses you.
The leopard gecko bites you.
You die...

# #....# . #.#....# . ..
#.#....# . ... #.K....#
# .... ......# # .....
#....## #
......###gK..### #
.K...ll@Kh...†.#########
.....lg###(..........#..
#....#w###...##.###.....
.... ......(............
... ..........†.........
#. ..#.....#...#######.#
. .......#(#####...###..
.......##.###.......##.
.#.. ...#.........##


You could see a dart slug, 2 leopard geckos, a jackal, a hobgoblin, a goblin, 3
kobolds and a frilled lizard.

Vanquished Creatures
  A dart slug (D:1)
  A giant cockroach (D:1)
  A goblin (D:1)
  2 frilled lizards (D:1)
5 creatures vanquished.

Notes
Turn   | Place    | Note
-------+----------+-------------------------------------------
     0 | D:1      | Amnesiac the Mummy Wizard began the quest for the Orb.
     0 | D:1      | Reached XP level 1. HP: 13/13 MP: 5/5
    80 | D:1      | Reached skill level 1 in Conjurations
   174 | D:1      | Slain by a leopard gecko

Vault maps used:
D:1:      dpeg_arrival_three_same_balls, nrook_loot_triangle,
          grunt_decor_resistance, minmay_fountain_box

Skill      XL: |  1 |
---------------+----+-----
Conjurations   | 1 |  1.5
Dodging        | |  1.5
Stealth        | |  1.5
Spellcasting   | |  4.0
Summonings     | |  0.7
Translocations | |  0.7

Action                   || total
-------------------------++-------
Melee: Dagger            ||    12
 Cast: Magic Dart        ||    11
Armor: Robe              ||     4
Dodge: Dodged            ||    20

Table legend:
 A = Non-vault XP
 B = Vault XP
 C = Vault XP percentage of total XP
 D = Non-vault monster count
 E = Vault monster count
 F = Vault count percentage of total count
                 A         B        C        D         E       F
            +---------+---------+-------+---------+---------+-------
      Total |      10 |       0 |   0.0 |       5 |       0 |   0.0
            +---------+---------+-------+---------+---------+-------
        D:1 |      10 |       0 |   0.0 |       5 |       0 |   0.0
            +---------+---------+-------+---------+---------+-------
